 Dungeon Crawl Stone Soup version 0.28-a0-695-gff097466f2 (webtiles) character file.

Game seed: 6139492288508529848

67 Anon1729 the Insei (level 3, -1/28 HPs)
             Began as a Demigod Transmuter on Oct 22, 2021.
             Slain by Ijyb (3 damage)
             ... on level 3 of the Dungeon.
             The game lasted 00:01:57 (2243 turns).

Anon1729 the Insei (Demigod Transmuter)             Turns: 2243, Time: 00:01:58

Health: -1/28      AC:  3    Str: 11    XL:     3   Next: 70%
Magic:  7/8        EV: 12    Int: 19    God:
Gold:   73         SH:  0    Dex: 14    Spells: 3/6 levels left

rFire   x . .      SeeInvis .     - Unarmed
rCold   . . .      Faith    .   (no shield)
rNeg    . . .      Spirit   .   b - +1 robe "Myengix" {+Blink rPois rC-}
rPois   +          Reflect  .   (helmet currently unavailable)
rElec   .          Harm     .   (no cloak)
rCorr   .          Rampage  .   (no gloves)
Will    .....                   (boots currently unavailable)
Stlth   +.........              g - amulet of the acrobat
HPRegen 0.09/turn               e - ring of ice
MPRegen 0.11/turn               (no ring)

@: appendages
A: horns 2, talons 2, high mp 1, forlorn
a: End Transformation, Evoke Blink


You were on level 3 of the Dungeon.
You had temporarily grown beastly horns and talons.
You visited 1 branch of the dungeon, and saw 3 of its levels.

You collected 73 gold pieces.

Inventory:

Armour
 a - a +0 robe
 b - the +1 robe "Myengix" (worn) {+Blink rPois rC-}
   (You found it on level 1 of the Dungeon)

   rC:        It makes you vulnerable to cold.
   rPois:     It protects you from poison.
   +Blink:    It lets you blink.
Jewellery
 e - a ring of ice (left hand)
 g - an amulet of the acrobat (around neck)
Scrolls
 c - 2 scrolls of enchant weapon {unknown}
 d - a scroll of amnesia {unknown}
 f - a scroll of noise {unknown}
 h - a scroll of identify {unknown}


   Skills:
 + Level 1.5 Fighting
 + Level 2.2 Dodging
 * Level 3.2 Unarmed Combat
 + Level 2.0 Spellcasting
 * Level 2.5 Transmutations


You had 3 spell levels left.
You knew the following spells:

 Your Spells              Type           Power      Damage    Failure   Level
a - Beastly Appendage     Tmut           22%        N/A       6%          1
b - Wereblood             Tmut           11%        N/A       9%          2

Your spell library contained the following spells:

 Spells                   Type           Power      Damage    Failure   Level
 Scorch                   Fire           2%         2d5       26%         2
 Spider Form              Tmut/Pois      3%         N/A       30%         3
 Portal Projectile        Hex/Tloc       2%         N/A       45%         3
 Ice Form                 Ice/Tmut       10%        N/A       69%         4
 Petrify                  Tmut/Erth      6%         N/A       69%         4
 Passage of Golubria      Tloc           1%         N/A       86%         4
 Blade Hands              Tmut           5%         N/A       86%         5
 Excruciating Wounds      Necr           0%         N/A       99%         5
 Metabolic Englaciation   Hex/Ice        1%         N/A       99%         5
 Statue Form              Tmut/Erth      4%         N/A       100%        6
 Disjunction              Tloc           0%         N/A       100%        8


Dungeon Overview and Level Annotations

Branches:
Dungeon (3/15)

Annotations:
D:3 Ijyb


Innate Abilities, Weirdness & Mutations

You have temporarily grown beastly horns and talons.
Your attributes grow dramatically as you level up.
You have an increased reservoir of magic. (+10% MP)
You shall have no god before yourself.


Message History

You climb downwards.
There is a stone staircase leading up here.
You climb upwards.
There is a stone staircase leading down here.
Partly explored, can't reach some items and places.
(D) Dungeon
Where to? (Enter - D:3, ? - help)
You climb downwards.
There is a stone staircase leading up here.
Found a pair of gloves.
You see here a +0 pair of gloves.
Found 17 poisoned darts.
You open the door.
There is an open door here.
Ijyb the Twisted Goblin comes into view.
She is wielding a +0 club and carrying a wand of iceblast (5).
Ijyb is nearby!
You feel more attuned to ice.
e - a ring of ice (left hand) Ijyb shouts!
Ijyb zaps a wand.
The mass of ice explodes!
The iceblast engulfs you!
There is an open door here.
You close the door.
You start resting.
A frilled lizard comes into view.
A frilled lizard is nearby!
You open the door. You closely miss Ijyb. Ijyb hits you with a +0 club.
Casting: Beastly Appendage (safe; 6% risk of failure)
Confirm with . or Enter, or press ? or * to list all spells.
You grow a pair of large bovine horns.
Your feet morph into talons.
Ijyb hits you with a +0 club.
You hit Ijyb but do no damage. Ijyb hits you with a +0 club.
* * * LOW HITPOINT WARNING * * *
You hit Ijyb but do no damage. Your headbutt misses Ijyb.
Ijyb hits you with a +0 club.
* * * LOW HITPOINT WARNING * * *
You hit the frilled lizard.
You kill the frilled lizard!
Ijyb hits you with a +0 club.
You die...

#... #.. ...
#.. #.# # #.#
#.##.#### .
#...†...# ...
####@##.#
..g.####g##.#
#........#.#
#........#.#
#........#.#
#.....$..#.#
#######+##.#
#.##.# #.##.#


You could see Ijyb.

Vanquished Creatures
  2 adders (D:2)
  2 worms (D:2)
  A dart slug (D:1)
  4 ball pythons
  2 bats (D:2)
  4 endoplasms
  2 giant cockroaches (D:1)
  3 goblins (D:1)
  2 hobgoblins (D:1)
  5 jackals (D:1)
  4 kobolds
  4 frilled lizards
  4 rats
39 creatures vanquished.

Notes
Turn   | Place    | Note
-------+----------+-------------------------------------------
     0 | D:1      | Anon1729 the Demigod Transmuter began the quest for the
                  | Orb.
     0 | D:1      | Reached XP level 1. HP: 15/15 MP: 5/5
    93 | D:1      | Identified the +1 robe "Myengix" {+Blink rPois rC-}
   185 | D:1      | Reached skill level 1 in Fighting
   474 | D:1      | Reached XP level 2. HP: 22/23 MP: 5/7
   487 | D:1      | Reached skill level 3 in Unarmed Combat
  1003 | D:1      | Learned a level 2 spell: Wereblood
  1066 | D:2      | Reached XP level 3. HP: 11/28 MP: 8/8
  1891 | D:2      | Got the Disquisition on the Arsonist and Displacement
  2229 | D:3      | Noticed Ijyb
  2243 | D:3      | Slain by Ijyb

Illustrated notes

Levels and vault maps discovered:
D:1:      eino_arrival_cavern_e, layout_loops_ring,
          hellmonk_ecumenical_altar_lost_god
D:2:      layout_rooms, chequers_serial_rivers_marsh, lemuel_flame_loot_1
D:3:      layout_basic, uniq_natasha, uniq_ijyb

Skill      XL: |  1  2 |
---------------+-------+-----
Fighting       | 1 |  1.5
Transmutations | 2 |  2.5
Unarmed Combat | 3 |  3.2
Dodging        | 2 |  2.2
Spellcasting   | 2 |  2.0

Action                   || total
-------------------------++-------
Melee: Unarmed           ||   136
       Kick              ||    15
       Headbutt          ||     5
 Cast: Beastly Appendage ||    12
Armor: Robe              ||    36
Dodge: Dodged            ||    83

Table legend: (Time is in decaauts)
 A = Elapsed time spent in this place.
 B = Non-inter-level travel time spent in this place.
 C = Inter-level travel time spent in this place.
 D = Time resting spent in this place.
 E = Time spent auto-exploring this place.
 F = Levels seen in this place.
 G = Mean time per level.
                   A        B        C        D        E       F      G
               +--------+--------+--------+--------+--------+-----+--------+
         Total |   2236 |   2203 |     33 |    333 |   1568 |   3 |  745.3 |
       Dungeon |   2236 |   2203 |     33 |    333 |   1568 |   3 |  745.3 |
               +--------+--------+--------+--------+--------+-----+--------+

Top non-repeatable levels by time:
     D:2: 1053 daAuts
     D:1: 1001 daAuts
     D:3: 181 daAuts
